 Dungeon Crawl Stone Soup version 0.30-a0-322-g102857c98e (webtiles) character file.

Game seed: 8124339941669567127

2377 ryw the Cudgeller (level 9, -1/63 (68) HPs)
             Began as a Demonspawn Monk on Oct 27, 2022.
             Slain by a wight
             ... wielding a +3 dire flail
              (4 damage)
             ... on level 7 of the Dungeon.
             The game lasted 00:11:10 (6253 turns).

ryw the Cudgeller (Demonspawn Monk)                 Turns: 6253, Time: 00:11:12

HP:   -1/63 (68)    AC: 12    Str: 16    XL:     9   Next: 21%
MP:   13/13         EV:  7    Int: 14    God:
Gold: 478           SH:  0    Dex: 12    Spells: 14/14 levels left

rFire   . . .      SeeInvis +    g - +10 morningstar "Eos" {elec, Halo rElec}
rCold   + + +      Faith    .    q - +0 buckler
rNeg    . . .      Spirit   .    y - +0 chain mail {rC+}
rPois   .          Reflect  .    (helmet unavailable)
rElec   +          Harm     .    (no cloak)
rCorr   .          Rampage  .    s - +0 pair of gloves
Will    .....                    v - +2 pair of boots of the Original Sin {+Blink rElec rC+++ Dex-3}
Stlth   ..........               (no amulet)
HPRegen 0.30/turn                (no ring)
MPRegen 0.13/turn                (no ring)

@: confused, ambrosia-drunk, glowing, drained
A: antennae 3, foul stench 2, big brain 1
a: Evoke Blink


You were on level 7 of the Dungeon.
You visited 1 branch of the dungeon, and saw 7 of its levels.

You collected 478 gold pieces.

Inventory:

Hand Weapons
 d - a +1 sling
 g - the +10 morningstar "Eos" (weapon) {elec, Halo rElec}
   (You found it on level 2 of the Dungeon)

   It occasionally discharges a powerful burst of electricity upon striking a
   foe.
   It grants its wielder a halo, revealing invisible creatures and increasing
   accuracy against all within it other than the wielder.
   rElec:     It insulates you from electricity.
Missiles
 z - 6 atropa-tipped darts (quivered)
Armour
 h - a +1 pair of boots
 q - a +0 buckler (worn)
 s - a +0 pair of gloves (worn)
 v - the +2 pair of boots of the Original Sin (worn) {+Blink rElec rC+++ Dex-3}
   (You found it on level 6 of the Dungeon)

   Dex:       It affects your dexterity (-3).
   rC:        It renders you almost immune to cold.
   rElec:     It insulates you from electricity.
   +Blink:    It lets you blink.
 y - a +0 chain mail of cold resistance (worn)
 A - a +1 scale mail of fire resistance
Jewellery
 o - an amulet of faith
 C - a +6 ring of strength
 E - the ring "Tiusaos" {rF++ rC++ Int-5 SInv}
   (You found it on level 7 of the Dungeon)

   [ring of see invisible]

   Int:       It affects your intelligence (-5).
   rF:        It greatly protects you from fire.
   rC:        It greatly protects you from cold.
   SInv:      It lets you see invisible.
Wands
 k - a wand of flame (9)
 l - a wand of roots (13)
Scrolls
 t - 3 scrolls of identify
 D - a scroll of fear
 F - 2 scrolls of teleportation
 G - a scroll of brand weapon {unknown}
Potions
 a - a potion of might {unknown}
 c - a potion of resistance
 e - 3 potions of heal wounds {unknown}
 f - 2 potions of degeneration {unknown}
 i - a potion of haste {unknown}
 j - 2 potions of lignification {unknown}
 m - a potion of mutation {unknown}
 n - a potion of invisibility {unknown}
 p - 2 potions of magic {unknown}
 r - a potion of flight {unknown}
 u - a potion of brilliance {unknown}
 w - a potion of attraction {unknown}
 x - 3 potions of curing {unknown}
 B - a potion of cancellation {unknown}


   Skills:
 - Level 5.0 Fighting
 * Level 7.8 Maces & Flails
 - Level 5.0 Dodging
 - Level 1.7 Stealth
 + Level 4.8 Shields
 - Level 2.6 Unarmed Combat
 - Level 3.0 Spellcasting


You had 14 spell levels left.
You didn't know any spells.
Your spell library contained the following spells:

 Spells                   Type           Power      Damage    Failure   Level
 Magic Dart               Conj           8%         1d3       99%         1
 Call Imp                 Summ           2%         N/A       100%        2
 Ignite Poison            Fire/Tmut/Pois 2%         N/A       100%        3
 Mephitic Cloud           Conj/Pois/Air  2%         N/A       100%        3
 Sticky Flame             Conj/Fire      2%         2d3       100%        4
 Ignition                 Fire           1%         3d3       100%        8


Dungeon Overview and Level Annotations

Branches:
Dungeon (7/15)             Temple (0/1) D:7

Altars:
Ashenzari
Cheibriados
Fedhas
Qazlal
Vehumet

Shops:
D:3 :   D:4 :


Innate Abilities, Weirdness & Mutations

You have a pair of large antennae on your head. (SInv)
You sometimes emit foul miasma when damaged in melee.
You have an unusually large brain. (Int +2)


Message History

The wight hits you with a +3 dire flail!
The wight hits you but does no damage.
You are too injured to fight recklessly!
You are too injured to fight recklessly!
You are too injured to fight recklessly!
Unknown command.
You are too injured to fight recklessly!
Unknown command.
You sock the wight!
The wight is severely damaged.
The wight hits you with a +5 short sword.
You feel drained.
The wight hits you with a +3 dire flail.
You block the wight's attack. The wight hits you but does no damage.
Unknown command.
You bludgeon the wight!!
You destroy the wight!
The wight closely misses you. The wight hits you with a +4 war axe!
* * * LOW HITPOINT WARNING * * *
You feel drained. The wight closely misses you.
Unknown command.
You hit the wight but do no damage.
The wight hits you with a +3 dire flail.
* * * LOW HITPOINT WARNING * * *
The wight barely misses you. The wight hits you with a +0 mace.
* * * LOW HITPOINT WARNING * * *
You emit a cloud of foul miasma!
You sock the wight!
The wight is almost destroyed.
The wight barely misses you. The wight hits you with a +4 war axe.
* * * LOW HITPOINT WARNING * * *
The wight barely misses you. You block the wight's attack.
Unknown command.
You are confused.
You feel invigorated. The wight closely misses you.
The wight barely misses you.
The wight hits you with a +3 dire flail!
* * * LOW HITPOINT WARNING * * *
You feel drained.
You die...

####.>##########........
#..............#........
#..............#........
#..............#........
#.........~~~~~#........
#.........~###~#........
#......(...+ +..........
#.........~###~..z......
.......###~~~~~.@z......
............'...)z......
.......######...........
.......# #..###'###..
.......# #..# ... .
.......# #..# '#.#
.......# #..' >#.'
.......# #..#. #.#.
.......# #..#.


You could see 3 wights.

Vanquished Creatures
  Grinder (D:5)
  A yak (D:5)
  3 sky beasts
  2 black bears
  An ogre (D:6)
  2 centaurs
  A kobold brigand (D:6)
  2 bullfrogs
  2 necrophages
  3 scorpions
  2 wights (D:7)
  A quasit (D:7)
  4 hounds
  2 jellies (D:5)
  2 orc priests
  A gnoll bouda (D:5)
  5 iguanas
  Natasha (thrice) (D:3)
  An orc wizard (D:7)
  9 adders
  2 white imps
  An ufetubus (D:5)
  2 worms
  4 dart slugs
  13 orcs
  2 ball pythons (D:1)
  5 endoplasms
  2 giant cockroaches
  5 goblins
  11 hobgoblins
  11 jackals
  3 quokkas
  9 bats
  A goblin skeleton (D:7)
  A goblin zombie (D:7)
  3 hobgoblin zombies (D:7)
  12 kobolds
  A kobold zombie (D:7)
  3 orc skeletons (D:7)
  15 rats
154 creatures vanquished.

Notes
Turn   | Place    | Note
-------+----------+-------------------------------------------
     0 | D:1      | ryw the Demonspawn Monk began the quest for the Orb.
     0 | D:1      | Reached XP level 1. HP: 18/18 MP: 1/1
   160 | D:1      | Gained mutation: You may rarely emit foul miasma when
                  | damaged in melee. [demonic ancestry]
   160 | D:1      | Reached XP level 2. HP: 15/24 MP: 2/2
   553 | D:1      | Gained mutation: You sometimes emit foul miasma when
                  | damaged in melee. [demonic ancestry]
   553 | D:1      | Reached XP level 3. HP: 6/30 MP: 3/3
  1056 | D:2      | Found the +10 morningstar "Eos" {elec, Halo rElec}
  1181 | D:2      | Reached skill level 1 in Maces & Flails
  1244 | D:2      | Gained mutation: You have a pair of small antennae on your
                  | head. [demonic ancestry]
  1244 | D:2      | Reached XP level 4. HP: 38/38 MP: 4/4
  1430 | D:2      | Reached skill level 2 in Maces & Flails
  1795 | D:3      | Found Kuwetirgh's Book Shop.
  2023 | D:3      | Reached skill level 3 in Maces & Flails
  2023 | D:3      | Gained mutation: You have an unusually large brain. (Int
                  | +2) [demonic ancestry]
  2023 | D:3      | Reached XP level 5. HP: 43/43 MP: 5/5
  2102 | D:3      | Noticed Natasha
  2105 | D:3      | Killed Natasha
  2236 | D:3      | Noticed Natasha
  2241 | D:3      | Killed Natasha
  2257 | D:3      | Noticed Natasha
  2264 | D:3      | Killed Natasha
  2496 | D:4      | Found a stormy altar of Qazlal.
  2605 | D:4      | Found a radiant altar of Vehumet.
  2837 | D:4      | Found Jevent's Vocational Training.
  3178 | D:5      | Entered Level 5 of the Dungeon
  3194 | D:5      | Reached skill level 1 in Spellcasting
  3194 | D:5      | Reached XP level 6. HP: 44/49 MP: 7/7
  3195 | D:5      | Reached skill level 1 in Shields
  3486 | D:5      | Found a snail-covered altar of Cheibriados.
  3508 | D:5      | Noticed a yak
  3512 | D:5      | Noticed Grinder
  3513 | D:5      | Killed a yak
  3514 | D:5      | Reached skill level 5 in Fighting
  3514 | D:5      | Reached skill level 4 in Maces & Flails
  3514 | D:5      | Reached XP level 7. HP: 48/56 MP: 7/9
  3536 | D:5      | Paralysed by Grinder for 3 turns
  3539 | D:5      | Killed Grinder
  3540 | D:5      | Reached skill level 5 in Maces & Flails
  4549 | D:6      | Gained mutation: You have a pair of antennae on your head.
                  | [demonic ancestry]
  4549 | D:6      | Reached XP level 8. HP: 61/62 MP: 12/12
  4558 | D:6      | Identified the +2 pair of boots of the Original Sin {+Blink
                  | rElec rC+++ Dex-3}
  4877 | D:6      | Reached skill level 6 in Maces & Flails
  5243 | D:6      | Found a broken altar of Ashenzari.
  5803 | D:7      | Identified the ring "Tiusaos" {rF++ rC++ Int-5 SInv}
  5843 | D:7      | Reached skill level 5 in Dodging
  5910 | D:7      | Reached skill level 7 in Maces & Flails
  5987 | D:7      | Gained mutation: You have a pair of large antennae on your
                  | head. (SInv) [demonic ancestry]
  5987 | D:7      | Reached XP level 9. HP: 59/68 MP: 13/13
  5994 | D:7      | Found a blossoming altar of Fedhas.
  6242 | D:7      | Found a staircase to the Ecumenical Temple.
  6253 | D:7      | HP: 3/65 [wight/+3 dire flail (9)]
  6253 | D:7      | Slain by a wight

Illustrated notes

Levels and vault maps discovered:
D:1:      spicycebolla_arrival_clurvy, layout_basic, minmay_octomino_e4
D:2:      layout_basic, minmay_statues_item, chequers_serial_rivers_small_b,
          minmay_rat_gold_closets
D:3:      layout_rooms, serial_shops, nicolae_shop_trees, minmay_misc_feat_tiny,
          uniq_natasha
D:4:      layout_basic, mainiacjoe_overflow_tiny_flanked,
          general_overflow_altar, nicolae_shop_vocational
D:5:      layout_loops_corners, amcnicky_altar_gilded,
          amcnicky_mini_rare_corridor_liquid, hangedman_decor_riveting,
          minmay_chambers_of_fives, uniq_grinder
D:6:      minmay_klotski, layout_layer_cave, ashenzari_altar_1
D:7:      layout_basic, lemuel_tele_altar, nicolae_ru_path_of_blood,
          nicolae_tso_besieged_by_evil, kennysheep_mini_moat,
          minmay_temple_entry_glassed_door

Skill      XL: |  1  2  3  4  5  6  7  8 |
---------------+-------------------------+-----
Fighting       | 4 5 |  5.0
Maces & Flails | 1 3 4 5 7 |  7.8
Spellcasting   | 1 2 3 |  3.0
Dodging        | 3 4 5 |  5.0
Shields        | 1 2 4 |  4.8
Stealth        | |  1.7
Unarmed Combat | |  2.6

Action                   |  1- 3 |  4- 6 |  7- 9 || total
-------------------------+-------+-------+-------++-------
Melee: Unarmed           |   115 |       |       ||   115
       Punch             |     5 |     1 |       ||     6
       Morningstar       |     9 |    96 |   112 ||   217
  Use: Scroll            |     1 |     4 |     6 ||    11
       Potion            |       |       |     1 ||     1
 Stab: Sleeping          |     4 |       |       ||     4
Armor: Robe              |    37 |       |       ||    37
       Leather armour    |     1 |     4 |       ||     5
       Chain mail        |       |    39 |    72 ||   111
Dodge: Dodged            |    95 |    31 |    37 ||   163
Block: Buckler           |       |     9 |    26 ||    35

Table legend: (Time is in decaauts)
 A = Elapsed time spent in this place.
 B = Non-inter-level travel time spent in this place.
 C = Inter-level travel time spent in this place.
 D = Time resting spent in this place.
 E = Time spent auto-exploring this place.
 F = Levels seen in this place.
 G = Mean time per level.
                   A        B        C        D        E       F      G
               +--------+--------+--------+--------+--------+-----+--------+
         Total |   6313 |   6108 |    205 |    650 |   4453 |   7 |  901.9 |
       Dungeon |   6313 |   6108 |    205 |    650 |   4453 |   7 |  901.9 |
               +--------+--------+--------+--------+--------+-----+--------+

Top non-repeatable levels by time:
     D:5: 1378 daAuts
     D:6: 1266 daAuts
     D:1: 993 daAuts
     D:4: 796 daAuts
     D:3: 715 daAuts
     D:2: 699 daAuts
     D:7: 463 daAuts
